 Dungeon Crawl Stone Soup version 0.24-a0-504-gcfb02b9d07 (webtiles) character file.

Game seed: 15832783045632747732

92781 Inquire the Thaumaturge (level 15, 0/96 HPs)
             Began as a Deep Elf Necromancer on July 16, 2019.
             Was a High Priest of Vehumet.
             Succumbed to a +2 flail of venom's poison
             ... on level 10 of the Dungeon on July 17, 2019.
             The game lasted 01:32:35 (30793 turns).

Inquire the Thaumaturge (Deep Elf Necromancer)     Turns: 30793, Time: 01:32:36

Health: 0/96       AC: 20    Str: 13    XL:     15   Next: 58%
Magic:  25/35      EV: 21    Int: 29    God:    Vehumet [*****.]
Gold:   867        SH:  9    Dex: 19    Spells: 6/42 levels left

rFire    + . .     SeeInvis .   A - +9 trident of the Ship {pierce, rN+ Dex+4}
rCold    + + .     Gourm    .   H - +3 buckler {reflect}
rNeg     + . .     Faith    .   t - +3 leather armour {rC+}
rPois    +         Spirit   .   (helmet restricted)
rElec    +         Reflect  +   m - +2 cloak
rCorr    +         Harm     .   x - +2 pair of gloves
MR       +....                  l - +2 pair of boots
Stlth    +++++.....             f - amulet of the acrobat
HPRegen  1.26/turn              g - +5 ring of protection
MPRegen  0.24/turn              s - ring of poison resistance

@: mighty, brilliant, lethally poisoned (0 -> -1), resistant, very slightly
contaminated, regenerating
A: fangs 1, horns 1
a: Renounce Religion


You were on level 10 of the Dungeon.
You worshipped Vehumet.
Vehumet was extremely pleased with you.
You were full.

You visited 6 branches of the dungeon, and saw 26 of its levels.

You collected 2762 gold pieces.
You spent 1895 gold pieces at shops.

Inventory:

Hand Weapons
 i - a +3 scimitar of flaming
 w - a +4 long sword of freezing
 A - the +9 trident of the Ship (weapon) {pierce, rN+ Dex+4}
   (You found it on level 3 of the Lair of Beasts)

   It inflicts extra damage upon your enemies.
   It affects your dexterity (+4).
   It protects you from negative energy.
Missiles
 k - 8 datura-tipped darts (quivered)
 u - 103 poisoned darts
 v - 5 atropa-tipped darts
Armour
 l - a +2 pair of boots (worn)
 m - a +2 cloak (worn)
 t - a +3 leather armour of cold resistance (worn)
 x - a +2 pair of gloves (worn)
 y - the +10 chain mail of Muon {rCorr}
   (You found it on level 12 of the Dungeon)

   It provides partial protection from all sources of acid and corrosion.
 B - the +10 chain mail of Love and Death {MP+9 Str+4}
   (You found it on level 8 of the Dungeon)

   It affects your strength (+4).
   It affects your magic capacity (+9).
 D - a +3 shield
 H - a +3 buckler of reflection (worn)
Magical Staves
 a - an uncursed staff of fire
 n - an uncursed staff of air
Jewellery
 f - an amulet of the acrobat (around neck)
 g - a +5 ring of protection (left hand)
 s - a ring of poison resistance (right hand)
 C - a +3 ring of evasion
 G - an uncursed ring of positive energy
 J - a +5 ring of intelligence
 L - an uncursed ring of resist corrosion
Wands
 p - a wand of flame (43)
 r - a wand of paralysis (5)
Scrolls
 b - 10 scrolls of remove curse
 d - a scroll of blinking
 j - 3 scrolls of fog
 q - 4 scrolls of enchant weapon
 z - 3 scrolls of silence
 E - 2 scrolls of enchant armour
 F - a scroll of teleportation
 Q - a scroll of identify
Potions
 M - 3 potions of flight
 N - a potion of might
 P - a potion of resistance
Miscellaneous
 h - a crystal ball of energy
 I - a lamp of fire (inert)
Comestibles
 c - 31 rations


   Skills:
 + Level 11.9 Fighting
 - Level 11.3 Dodging
 - Level 11.7 Stealth
 - Level 4.0 Shields
 + Level 14.4 Spellcasting
 - Level 7.0 Conjurations
 - Level 7.0 Charms
 - Level 6.0 Necromancy
 * Level 11.9 Ice Magic
 * Level 9.8 Air Magic
 - Level 2.5 Earth Magic


You had 6 spell levels left.
You knew the following spells:

 Your Spells              Type           Power        Failure   Level  Hunger
a - Summon Lightning Spi  Summ/Air       ######..     1%          4    None
b - Stone Arrow           Conj/Erth      ######       1%          3    None
c - Regeneration          Chrm/Necr      ######....   1%          3    None
d - Vampiric Draining     Necr           ######....   1%          3    None
g - Bolt of Cold          Conj/Ice       #######...   1%          6    ####...
h - Deflect Missiles      Chrm/Air       ######....   1%          6    ####...
i - Bolt of Magma         Conj/Fire/Erth ######....   2%          5    None
j - Freezing Cloud        Conj/Ice/Air   #######...   1%          6    ####...

Your spell library contained the following spells:

 Spells                   Type           Power        Failure   Level  Hunger
 Animate Skeleton         Necr           N/A          1%          1    None
 Apportation              Tloc           #####.       1%          1    None
 Flame Tongue             Conj/Fire      #####        1%          1    None
 Pain                     Necr           ####         1%          1    None
 Shock                    Conj/Air       ####         1%          1    None
 Summon Butterflies       Summ           #####...     1%          1    None
 Ensorcelled Hibernation  Hex/Ice        ######       1%          2    None
 Swiftness                Chrm/Air       ######..     1%          2    None
 Throw Flame              Conj/Fire      ######       1%          2    None
 Throw Frost              Conj/Ice       ######       1%          2    None
 Call Canine Familiar     Summ           #####...     1%          3    None
 Conjure Flame            Conj/Fire      ######..     1%          3    None
 Inner Flame              Hex/Fire       #####...     1%          3    None
 Lesser Beckoning         Tloc           #####.....   1%          3    None
 Static Discharge         Conj/Air       ######..     1%          3    None
 Tukima's Dance           Hex            #####...     1%          3    None
 Airstrike                Air            #######...   1%          4    None
 Animate Dead             Necr           N/A          1%          4    None
 Sticky Flame             Conj/Fire      ######..     1%          4    None
 Summon Ice Beast         Ice/Summ       ######..     1%          4    None
 Lightning Bolt           Conj/Air       ######....   1%          5    None
 Silence                  Hex/Air        ######....   1%          5    None
 Conjure Ball Lightning   Conj/Air       ######....   1%          6    ####...
 Fireball                 Conj/Fire      ######....   2%          5    None
 Cause Fear               Hex            #####.....   3%          4    None
 Alistair's Intoxication  Tmut/Pois      #####...     10%         5    None
 Summon Mana Viper        Hex/Summ       #####...     10%         5    None
 Yara's Violent Unravell  Hex/Tmut       #####.....   10%         5    None
 Statue Form              Tmut/Erth      #####....    26%         6    ####...
 Invisibility             Hex            #####...     41%         6    ####...
 Summon Hydra             Summ           #####.....   88%         7    #####..
 Tornado                  Air            #######...   98%         9    #######
 Discord                  Hex            #####.....   100%        8    #######


Dungeon Overview and Level Annotations

Branches:
Dungeon (15/15)            Temple (0/1) D:6            Lair (6/6) D:11
 Shoals (0/4) Lair:3       Spider (1/4) Lair:2        Slime (1/5) Lair:6
    Orc (2/2) D:10            Elf (1/3) Orc:2        Vaults (0/5) D:14
 Depths: D:15

Altars:
Ashenzari
Cheibriados
Elyvilon
Makhleb
Qazlal
Sif Muna
Vehumet
Wu Jian
Xom

Shops:
D:11 ?   Orc:2 *=[*

Portals:
Trove: D:11 (show abyssal rune of Zot)

Annotations:
D:4 2 transporters, prcrtr's ghost, amateur HuCj
D:11 D:12, Shop, Pois
Lair:6 1 runed translucent door


Innate Abilities, Weirdness & Mutations

You have very sharp teeth.
You have a pair of small horns on your head.


Message History

You feel sick.
There is a staircase to the Orcish Mines here.
Unknown command.
Unknown command.
You feel protected.
* * * LOW HITPOINT WARNING * * *
You feel sick.
Put on which piece of jewellery? (? for menu, Esc to quit)
Okay, then.
Casting: Stone Arrow (safe; 1% risk of failure)
Confirm with . or Enter, or press ? or * to list all spells.
Okay, then.
Casting: Stone Arrow (safe; 1% risk of failure)
Confirm with . or Enter, or press ? or * to list all spells.
Your skin crawls.
* * * LOW HITPOINT WARNING * * *
You feel sick.
Unknown command.
You feel very mighty all of a sudden.
You die...

..##..#.....#
..##..#.....#
......#.....#
......'.....#
#######.....#
.......[....#
............######
.................#
<...........####@#
+##.........# ###
..##'##.....#
...#..'.....#
...#..#.....#
..##'##.....#
..#.....#####
..#.....#
..'.....#


There were no monsters in sight!

Vanquished Creatures
  Asterion (Elf:1)
  A tengu reaver (D:13)
  A fire dragon (Lair:6)
  2 vault guards (D:14)
  3 hydras
  20 two-headed ogres
  Erica (D:10)
  4 centaur warriors
  A tengu warrior (D:13)
  4 ogre magi (Orc:2)
  A deep troll earth mage (D:13)
  2 unseen horrors
  A swamp dragon (Lair:6)
  3 orc knights
  A necromancer (D:14)
  2 ugly things (D:13)
  2 lindwurms
  An oklob plant (D:11)
  3 cyclopes
  A deep elf mage (D:15)
  2 orc sorcerers
  2 manticores
  3 black mambas
  A centaur zombie (D:13)
  11 elephants
  Joseph (D:10)
  12 spiny frogs
  2 gargoyles
  5 torpor snails (Lair:6)
  10 komodo dragons
  2 yaktaurs
  3 rime drakes
  A freezing wraith (D:11)
  8 trolls
  6 hornets (Lair:6)
  A merfolk (D:11)
  A polar bear (Lair:6)
  4 tyrant leeches (Lair:6)
  4 dream sheep
  8 blink frogs
  8 hippogriffs
  3 slime creatures (Lair:6)
  Sigmund (D:5)
  38 yaks
  2 wraiths
  3 shadows (D:13)
  4 redbacks (Lair:2)
  21 humans (D:14)
  8 wyverns
  A hog (D:9)
  A fire elemental (Orc:2)
  2 basilisks
  4 steam dragons
  A hungry ghost (D:14)
  9 vampire mosquitoes
  Edmund (D:5)
  3 acid dragons
  21 wargs
  11 water moccasins
  A soldier ant (D:13)
  Duvessa (D:4)
  7 porcupines
  2 ice beasts (D:13)
  22 orc warriors
  2 swamp drakes (Lair:6)
  4 sky beasts
  3 black bears
  2 eyes of draining
  2 phantoms
  2 necrophages
  15 wolves
  35 ogres
  A boggart (D:13)
  12 centaurs
  12 crocodiles
  22 bullfrogs
  2 big kobolds
  A gnoll sergeant (D:9)
  A wyvern skeleton (D:11)
  Dowan (D:4)
  3 scorpions
  9 wights
  A howler monkey (D:9)
  2 bullfrog zombies
  9 crimson imps
  8 hounds
  6 jellies
  14 orc priests
  Crazy Yiuf (D:4)
  3 bullfrog skeletons
  18 orc wizards
  2 centaur skeletons
  3 iguanas
  Ijyb (D:5)
  9 worker ants
  5 hell rats (Lair:3)
  2 killer bee zombies
  A hound zombie (D:6)
  5 gnolls (D:9)
  A howler monkey skeleton (D:11)
  11 adders
  8 river rats (Lair:3)
  5 shadow imps
  4 worms
  2 adder skeletons
  A dart slug (D:3)
  4 leopard geckos
  82 orcs
  A ball python (D:5)
  3 giant cockroaches
  9 goblins
  6 hobgoblins
  12 jackals
  16 kobolds
  8 quokkas
  7 bats
  3 frilled lizards (D:1)
  A giant cockroach zombie (D:6)
  A leopard gecko zombie (D:9)
  2 quokka skeletons
  10 rats
  2 fungi (D:4)
  A plant (D:11)
736 creatures vanquished.

Vanquished Creatures (collateral kills)
  A hornet (D:11)
1 creature vanquished.

Vanquished Creatures (others)
  An orc warlord (Orc:2)
  4 fungi
  11 plants
16 creatures vanquished.

Grand Total: 753 creatures vanquished

Notes
Turn   | Place    | Note
-------+----------+-------------------------------------------
     0 | D:1      | Inquire the Deep Elf Necromancer began the quest for the
                  | Orb.
     0 | D:1      | Reached XP level 1. HP: 10/10 MP: 6/6
    13 | D:1      | Learned a level 1 spell: Animate Skeleton
   360 | D:1      | Reached skill level 5 in Necromancy
   512 | D:1      | Reached XP level 2. HP: 15/16 MP: 5/8
   929 | D:2      | Reached skill level 1 in Fighting
   983 | D:2      | Reached XP level 3. HP: 20/20 MP: 6/10
  1036 | D:2      | Found a radiant altar of Vehumet.
  1118 | D:2      | Became a worshipper of Vehumet
  1553 | D:2      | Learned a level 3 spell: Regeneration
  1564 | D:2      | Reached skill level 4 in Spellcasting
  1697 | D:2      | Learned a level 3 spell: Vampiric Draining
  2380 | D:3      | Reached XP level 4. HP: 22/25 MP: 7/12
  2885 | D:3      | Noticed a phantom
  3013 | D:4      | You fall into a shaft and drop 1 floor!
  3013 | D:5      | Entered Level 5 of the Dungeon
  3080 | D:5      | Noticed Edmund
  3261 | D:4      | Reached XP level 5. HP: 18/30 MP: 10/14
  3338 | D:4      | Reached skill level 5 in Spellcasting
  3338 | D:4      | Reached skill level 1 in Charms
  3531 | D:4      | Noticed prcrtr's ghost (amateur HuCj)
  3531 | D:4      | Identified the +10 dire flail of True Grit {holy, Stlth+}
  3531 | D:4      | Noticed an ogre
  3542 | D:4      | Found a transporter.
  3542 | D:4      | Noticed an ogre
  3552 | D:4      | Noticed Dowan
  3555 | D:4      | Noticed Duvessa
  3559 | D:4      | Killed Dowan
  3559 | D:4      | Reached XP level 6. HP: 25/36 MP: 10/16
  3588 | D:4      | Killed Duvessa
  3588 | D:4      | Reached * piety under Vehumet
  3588 | D:4      | Offered knowledge of Magic Dart by Vehumet.
  3742 | D:4      | Reached skill level 6 in Spellcasting
  4043 | D:4      | Found a transporter.
  4079 | D:4      | Found a shimmering altar of Xom.
  4079 | D:4      | Found a burning altar of Makhleb.
  4330 | D:4      | Found a runed translucent door.
  4331 | D:4      | Noticed Crazy Yiuf
  4342 | D:4      | Killed Crazy Yiuf
  4450 | D:5      | Noticed Sigmund
  4607 | D:3      | Reached XP level 7. HP: 41/41 MP: 10/18
  4638 | D:3      | Found a white marble altar of Elyvilon.
  4801 | D:3      | Learned a level 4 spell: Animate Dead
  5316 | D:5      | Found a stormy altar of Qazlal.
  5323 | D:5      | Killed Sigmund
  5468 | D:5      | Killed Edmund
  5527 | D:5      | Noticed Ijyb
  5535 | D:5      | Killed Ijyb
  5715 | D:6      | Found a staircase to the Ecumenical Temple.
  5771 | D:6      | Reached XP level 8. HP: 48/48 MP: 19/19
  5799 | D:6      | Reached skill level 5 in Stealth
  5825 | D:6      | Reached skill level 5 in Dodging
  6272 | D:6      | Reached ** piety under Vehumet
  6272 | D:6      | Offered knowledge of Freeze by Vehumet.
  6283 | D:6      | Learned a level 1 spell: Freeze
  6327 | D:6      | Reached skill level 5 in Fighting
  6853 | D:7      | Reached XP level 9. HP: 54/54 MP: 20/20
  7071 | D:7      | Offered knowledge of Stone Arrow by Vehumet.
  7080 | D:7      | Learned a level 3 spell: Stone Arrow
  7377 | D:7      | Found a deep blue altar of Sif Muna.
  7472 | D:8      | Found an ornate altar of the Wu Jian Council.
  7547 | D:8      | Reached skill level 1 in Earth Magic
  7622 | D:8      | Identified Jarghez's Tome of Mutagenic Snow
  7643 | D:8      | Got a translucent chain mail
  7739 | D:8      | Reached *** piety under Vehumet
  7739 | D:8      | Reached skill level 7 in Spellcasting
  8082 | D:8      | Found a snail-covered altar of Cheibriados.
  8192 | D:8      | Found a snail-covered altar of Cheibriados.
  8386 | D:9      | Noticed a troll
  8422 | D:9      | Identified the +10 chain mail of Love and Death {MP+9
                  | Str+4} (You found it on level 8 of the Dungeon)
  8495 | D:9      | Offered knowledge of Olgreb's Toxic Radiance by Vehumet.
  8807 | D:9      | Noticed a two-headed ogre
  8843 | D:9      | Killed a two-headed ogre
  9253 | D:9      | Reached XP level 10. HP: 61/61 MP: 23/23
  9545 | D:10     | Entered Level 10 of the Dungeon
  9550 | D:10     | Noticed Erica
 10113 | D:10     | Noticed Maurice
 10120 | D:9      | Noticed Maurice
 10120 | D:9      | Maurice changed into Maurice the hog
 10128 | D:9      | Killed Maurice the hog
 10225 | D:10     | Noticed a two-headed ogre
 10294 | D:10     | Killed Erica
 10395 | D:10     | Reached **** piety under Vehumet
 10401 | D:10     | Reached skill level 10 in Stealth
 10671 | D:10     | Killed a two-headed ogre
 10671 | D:10     | Reached skill level 10 in Dodging
 10942 | D:10     | Found a staircase to the Orcish Mines.
 10951 | D:10     | Noticed Joseph
 10987 | D:11     | Noticed an oklob plant
 10991 | D:11     | Found a staircase to the Lair.
 11116 | D:11     | Noticed a gargoyle
 11128 | D:11     | You fall into a shaft and drop 1 floor!
 11172 | D:11     | Offered knowledge of Iskenderun's Battlesphere by Vehumet.
 11280 | D:11     | Found Ywutotaw's Magic Scroll Shoppe.
 11357 | D:11     | Noticed a cyclops
 11740 | D:11     | Killed a gargoyle
 11740 | D:11     | Reached XP level 11. HP: 57/68 MP: 17/24
 12485 | D:12     | Noticed a death knight
 12930 | D:11     | Found a portal to a secret trove of treasure.
 13303 | D:11     | Learned a level 5 spell: Iskenderun's Battlesphere
 13335 | D:11     | Gained mutation: You have very sharp teeth. [potion of
                  | mutation]
 13335 | D:11     | Gained mutation: You have a pair of small horns on your
                  | head. [potion of mutation]
 13549 | D:11     | Reached skill level 1 in Conjurations
 13556 | D:11     | Reached ***** piety under Vehumet
 13679 | D:11     | Reached skill level 5 in Charms
 13761 | D:11     | Offered knowledge of Bolt of Cold by Vehumet.
 13782 | D:11     | Learned a level 6 spell: Bolt of Cold
 13902 | D:11     | Noticed an orc knight
 14083 | D:12     | Got a faintly humming chain mail
 14084 | D:12     | Identified the +10 chain mail of Muon {rCorr} (You found it
                  | on level 12 of the Dungeon)
 14108 | D:13     | Reached skill level 8 in Spellcasting
 14232 | D:10     | Killed Joseph
 14276 | D:11     | Killed an oklob plant
 14357 | Lair:1   | Entered Level 1 of the Lair of Beasts
 14961 | Lair:1   | Reached skill level 9 in Spellcasting
 14961 | Lair:1   | Reached XP level 12. HP: 76/76 MP: 26/27
 15007 | Lair:1   | Reached skill level 1 in Ice Magic
 15932 | Lair:2   | Reached skill level 5 in Conjurations
 16068 | Lair:2   | Found a hole to the Spider Nest.
 16241 | Lair:2   | Reached skill level 10 in Spellcasting
 16701 | Lair:2   | Learned a level 6 spell: Deflect Missiles
 17050 | Lair:3   | Got a transparent trident
 17051 | Lair:3   | Identified the +9 trident of the Ship {pierce, rN+ Dex+4}
                  | (You found it on level 3 of the Lair of Beasts)
 17223 | Lair:3   | Found a staircase to the Shoals.
 17522 | Lair:3   | Reached skill level 10 in Fighting
 17965 | Lair:3   | Reached skill level 5 in Ice Magic
 18063 | Lair:3   | Found a shattered altar of Ashenzari.
 18179 | Lair:4   | Offered knowledge of Orb of Destruction by Vehumet.
 18223 | Lair:4   | Reached skill level 11 in Spellcasting
 19309 | Lair:5   | Reached XP level 13. HP: 82/82 MP: 30/30
 19430 | Lair:5   | Reached skill level 1 in Air Magic
 20138 | Orc:1    | Entered Level 1 of the Orcish Mines
 20646 | Orc:2    | Entered Level 2 of the Orcish Mines
 21310 | Orc:2    | Reached skill level 12 in Spellcasting
 21547 | Orc:2    | Noticed an orc warlord
 21567 | Orc:2    | Found a staircase to the Elven Halls.
 22374 | D:12     | Offered knowledge of Bolt of Magma by Vehumet.
 22396 | D:12     | Learned a level 5 spell: Bolt of Magma
 22452 | D:13     | Reached skill level 5 in Air Magic
 23042 | D:13     | Reached skill level 13 in Spellcasting
 23042 | D:13     | Reached XP level 14. HP: 83/90 MP: 33/33
 23924 | D:13     | Identified a scroll of acquirement
 23996 | D:13     | Noticed a tengu reaver
 24006 | D:13     | Killed a tengu reaver
 24854 | D:14     | Found a gate to the Vaults.
 24918 | D:14     | Reached skill level 14 in Spellcasting
 25229 | D:14     | Reached skill level 1 in Shields
 25484 | D:14     | Reached skill level 10 in Ice Magic
 25841 | D:15     | Entered Level 15 of the Dungeon
 26192 | D:15     | Offered knowledge of Irradiate by Vehumet.
 26860 | Orc:2    | Found Tulagozal's Armour Emporium.
 26860 | Orc:2    | Found Qeumuem's General Store.
 26861 | Orc:2    | Found Wagynat's General Store.
 26861 | Orc:2    | Found Plog's Jewellery Emporium.
 27051 | Orc:2    | Bought a +5 ring of protection for 880 gold pieces
 27086 | Orc:2    | Reached XP level 15. HP: 58/96 MP: 11/35
 27407 | Orc:2    | Killed an orc warlord
 28040 | Elf:1    | Entered Level 1 of the Elven Halls
 28040 | Elf:1    | Noticed Asterion
 28584 | Lair:6   | Entered Level 6 of the Lair of Beasts
 28584 | Lair:6   | Found a staircase to the Slime Pits.
 28845 | Lair:6   | Found a runed translucent door.
 28955 | Lair:6   | Offered knowledge of Freezing Cloud by Vehumet.
 28975 | Lair:6   | Learned a level 6 spell: Freezing Cloud
 30202 | Slime:1  | Entered Level 1 of the Pits of Slime
 30331 | Spider:1 | Entered Level 1 of the Spider Nest
 30576 | D:11     | Bought a scroll of enchant armour for 105 gold pieces
 30576 | D:11     | Bought a scroll of amnesia for 49 gold pieces
 30576 | D:11     | Bought a scroll of identify for 28 gold pieces
 30576 | D:11     | Bought a scroll of silence for 105 gold pieces
 30576 | D:11     | Bought a scroll of blinking for 105 gold pieces
 30576 | D:11     | Bought a scroll of blinking for 105 gold pieces
 30576 | D:11     | Bought a scroll of enchant weapon for 105 gold pieces
 30576 | D:11     | Bought a scroll of enchant weapon for 105 gold pieces
 30576 | D:11     | Bought a scroll of enchant armour for 105 gold pieces
 30576 | D:11     | Bought a scroll of amnesia for 49 gold pieces
 30576 | D:11     | Bought a scroll of blinking for 105 gold pieces
 30576 | D:11     | Bought a scroll of amnesia for 49 gold pieces
 30584 | D:11     | Learned a level 4 spell: Summon Lightning Spire
 30691 | Elf:1    | Killed Asterion
 30788 | Orc:1    | HP: 4/96 [poisoned by a +2 flail of venom]
 30790 | D:10     | HP: 1/96 [poisoned by a +2 flail of venom]
 30793 | D:10     | Succumbed to a +2 flail of venom's poison

Levels and vault maps discovered:
D:1:      minmay_arrival_arboretum_small, layout_basic
D:2:      wad_woods_stonehenge, layout_loops_cross, first_ration
D:3:      layout_loops_corners, elyvilon_altar_5
D:4:      layout_loops_corners, grunt_temple_overflow_champion_of_chaos,
          serial_glass, glass_columns_c, glass_columns_c, gammafunk_ghost_smash,
          nrook_campfire, uniq_duvessa, uniq_crazy_yiuf_cottage
D:5:      layout_basic, nicolae_qazlal_eye_of_the_storm, uniq_ijyb, uniq_edmund,
          uniq_sigmund
D:6:      layout_cave_pools, minmay_temple_entry_stoned_glass
D:7:      layout_loops_ring, led_sif_pool, eino_tiny_chamber
D:8:      layout_loops_ring, marbit_many_paths, lemuel_round_altar,
          cheibrodos_worm_habitat
D:9:      layout_basic
D:10:     layout_gridville, orc_0_dummy, uniq_erica, uniq_joseph, uniq_maurice
D:11:     lemuel_castle_with_subvaults [lemuel_castle_interior_carwin_3],
          layout_irregular_city, dpeg_oklobed_lair, serial_shops,
          nicolae_shop_waterfront, enter_trove_6, hangedman_fish_farm
D:12:     layout_rooms
D:13:     evilmike_diamond_2, layout_grid_maze, hangedman_decor_lopped
D:14:     layout_grid_maze, grunt_vaults_entry_tiered
D:15:     grunt_enter_depths_magical_seal, layout_gridville
Lair:1:   layout_cave_pods
Lair:2:   layout_chaotic_city, spider_nest_entry_rubble
Lair:3:   layout_cave_pods, minmay_shoals_entry_beasts, basic_altar,
          kennysheep_abandoned_house, grunt_megastairs_1
Lair:4:   layout_small_grid, st_stairs_6
Lair:5:   layout_hall_layers
Lair:6:   wormcave, layout_concentric_octagons, guppyfry_lair_end_dragon,
          minmay_slime_entry_pillars
Spider:1: layout_spider_delve, gammafunk_ghost_grave,
          nicolae_looking_at_the_future
Slime:1:  layout_caves
Orc:1:    layout_caves
Orc:2:    st_orc_ogre_mass, layout_caves, nicolae_orc_lava_tube, mines5_lemuel
Elf:1:    elf_arrival_002, layout_loops_corners, evilmike_minifort,
          grunt_megastairs_4, uniq_asterion

Skill      XL: |  1  2  3  4  5  6  7  8  9 10 11 12 13 14 15 |
---------------+----------------------------------------------+-----
Necromancy     | 5 6 |  6.0
Fighting       | 1 2 3 4 5 6 8 9 10 11 | 11.9
Spellcasting   | 4 5 6 7 9 11 13 14 | 14.4
Charms         | 2 4 7 |  7.0
Dodging        | 4 6 8 10 11 | 11.3
Stealth        | 4 7 8 11 | 11.7
Earth Magic    | 2 |  2.5
Conjurations   | 4 7 |  7.0
Ice Magic      | 5 8 10 11 | 11.9
Air Magic      | 5 8 9 |  9.8
Shields        | 3 4 |  4.0

Action                   |  1- 3 |  4- 6 |  7- 9 | 10-12 | 13-15 || total
-------------------------+-------+-------+-------+-------+-------++-------
Melee: Unarmed           |     4 |     1 |       |       |       ||     5
       Mace              |       |     9 |       |       |       ||     9
       Flail             |       |    86 |   248 |       |       ||   334
       Long sword        |       |       |    85 |    64 |       ||   149
       Scimitar          |       |       |       |   414 |       ||   414
       Headbutt          |       |       |       |    98 |   188 ||   286
       Bite              |       |       |       |    41 |   108 ||   149
       Trident           |       |       |       |   189 |  1011 ||  1200
Throw: Dart              |       |     4 |    23 |    13 |     7 ||    47
       Throwing net      |       |       |       |       |     1 ||     1
 Cast: Pain              |    73 |    45 |    41 |     5 |       ||   164
       Regeneration      |       |     7 |     2 |       |    14 ||    23
       Vampiric Draining |       |     2 |    11 |   109 |   121 ||   243
       Stone Arrow       |       |       |     9 |   135 |    55 ||   199
       Animate Dead      |       |       |     1 |       |       ||     1
       Freeze            |       |       |     1 |       |       ||     1
       Iskenderun's Batt |       |       |       |     5 |     7 ||    12
       Bolt of Cold      |       |       |       |     3 |    64 ||    67
       Bolt of Magma     |       |       |       |       |    97 ||    97
       Freezing Cloud    |       |       |       |       |     3 ||     3
Evoke: Wand              |     1 |    22 |    17 |    22 |    26 ||    88
       Lamp of fire      |       |       |       |       |     2 ||     2
  Use: Scroll            |     9 |     3 |    10 |    12 |    17 ||    51
       Potion            |     3 |     3 |     6 |    14 |    13 ||    39
 Stab: Sleeping          |       |     1 |    10 |    19 |    29 ||    59
       Paralysed         |       |       |     2 |       |     1 ||     3
       Distracted        |       |       |     1 |     3 |     4 ||     8
       Confused          |       |       |       |       |     3 ||     3
  Eat: Chunk             |     1 |     5 |    15 |    27 |    42 ||    90
       Ration            |     1 |     1 |       |     3 |     7 ||    12
Armor: Robe              |     2 |    17 |   112 |       |       ||   131
       Skin              |       |    26 |    21 |    24 |       ||    71
       Chain mail        |       |       |    46 |       |       ||    46
       Leather armour    |       |       |       |   245 |   357 ||   602
Dodge: Dodged            |    22 |    41 |   296 |   906 |  1358 ||  2623
Block: Buckler           |       |       |       |       |   294 ||   294
       Reflection        |       |       |       |       |     8 ||     8
       Rpst.: Long sword |       |       |    21 |    24 |       ||    45
       Scimitar          |       |       |       |   157 |       ||   157

Table legend:
 A = Non-vault XP
 B = Vault XP
 C = Vault XP percentage of total XP
 D = Non-vault monster count
 E = Vault monster count
 F = Vault count percentage of total count
                 A         B        C        D         E       F
            +---------+---------+-------+---------+---------+-------
      Total |   70881 |   61664 |  46.5 |     501 |     234 |  31.8
            +---------+---------+-------+---------+---------+-------
        D:1 |      26 |       0 |   0.0 |      17 |       0 |   0.0
        D:2 |      47 |      10 |  17.5 |      10 |       5 |  33.3
        D:3 |     349 |       0 |   0.0 |      29 |       0 |   0.0
        D:4 |     194 |     310 |  61.5 |       9 |       4 |  30.8
        D:5 |       7 |     434 |  98.4 |       4 |       3 |  42.9
        D:6 |     865 |       0 |   0.0 |      28 |       0 |   0.0
        D:7 |    1002 |       0 |   0.0 |      19 |       0 |   0.0
        D:8 |     697 |      53 |   7.1 |      12 |       2 |  14.3
        D:9 |    2880 |     202 |   6.6 |      40 |       1 |   2.4
       D:10 |    2588 |    1342 |  34.1 |      22 |       2 |   8.3
       D:11 |    3046 |    5009 |  62.2 |      26 |      54 |  67.5
       D:12 |    1331 |       0 |   0.0 |      18 |       0 |   0.0
       D:13 |    9134 |   11224 |  55.1 |      39 |      27 |  40.9
       D:14 |    4577 |    7168 |  61.0 |      20 |      25 |  55.6
       D:15 |    4113 |       0 |   0.0 |      14 |       0 |   0.0
     Lair:1 |    6241 |       0 |   0.0 |      26 |       0 |   0.0
     Lair:2 |    4648 |     211 |   4.3 |      19 |       1 |   5.0
     Lair:3 |    3353 |    1673 |  33.3 |      17 |      24 |  58.5
     Lair:4 |    3843 |     210 |   5.2 |      18 |       1 |   5.3
     Lair:5 |    8387 |       0 |   0.0 |      27 |       0 |   0.0
     Lair:6 |    5026 |   10487 |  67.6 |      17 |      36 |  67.9
      Orc:1 |    3465 |    3077 |  47.0 |      34 |       6 |  15.0
      Orc:2 |    5062 |   17492 |  77.6 |      36 |      42 |  53.8
      Elf:1 |       0 |    2762 | 100.0 |       0 |       1 | 100.0
            +---------+---------+-------+---------+---------+-------
